 Dungeon Crawl Stone Soup version 0.31-a0-455-g1a7b003ef0 (webtiles) character file.

Game seed: 8317897716213785125

368 CraigForest the Shooter (level 7, 0/52 HPs)
             Began as a Formicid Hunter on Aug 3, 2023.
             Succumbed to a water moccasin's poison
             ... on level 3 of the Dungeon.
             The game lasted 00:12:31 (1484 turns).

CraigForest the Shooter (Formicid Hunter)           Turns: 1484, Time: 00:12:32

Health: 0/52       AC:  6    Str: 14    XL:     7   Next: 1%
Magic:  5/5        EV:  9    Int: 13    God:
Gold:   89         SH: 12    Dex: 18    Spells: 6/6 levels left

rFire   + . .        a - +0 shortbow
rCold   . . .        l - +2 kite shield
rNeg    . . .        g - +0 ring mail
rPois   .            (helmet unavailable)
rElec   .            (no cloak)
rCorr   .            (no gloves)
SInv    +            w - +0 pair of boots
Will    .....        (no amulet)
Stlth   +            t - +4 ring of slaying
HPRegen 0.28/turn    d - ring of protection from fire
MPRegen 0.09/turn

%: no passive effects
@: brilliant, lethally poisoned (0 -> -3), weak-willed
A: permanent stasis, dig shafts and tunnels, antennae 3, four strong arms,
clever 1, low MP 2
a: Dig, Shaft Self


You were on level 3 of the Dungeon.
You visited 1 branch of the dungeon, and saw 3 of its levels.

You collected 89 gold pieces.

Inventory:

Hand Weapons
 a - a +0 shortbow (weapon)
 n - the +2 whip "Axku Diff" {spect, rF+ rN+ MP-9 Stlth+}
   (You found it on level 2 of the Dungeon)

   rF:        It protects you from fire.
   rN:        It protects you from negative energy.
   MP:        It affects your magic capacity (-9).
   Stlth:     It makes you more stealthy.
 p - a +3 hand axe
Missiles
 k - 3 poisoned darts
Armour
 c - a +0 leather armour
 f - a +0 kite shield
 g - a +0 ring mail (worn)
 l - a +2 kite shield (worn)
 w - a +0 pair of boots (worn)
Magical Staves
 e - a staff of earth
Jewellery
 d - a ring of protection from fire (right hand)
 j - a +6 ring of strength
 t - a +4 ring of slaying (left hand)
 u - a ring of magical power
Scrolls
 m - a scroll of immolation {unknown}
 o - a scroll of fog
 r - a scroll of identify {unknown}
 s - a scroll of torment {unknown}


   Skills:
 + Level 3.3 Fighting
 + Level 6.2 Ranged Weapons
 + Level 1.5 Armour
 + Level 2.1 Dodging
 + Level 1.2 Stealth
 * Level 3.9 Shields


You had 6 spell levels left.
You didn't know any spells.
Your spell library was empty.

Dungeon Overview and Level Annotations

Branches:
Dungeon (3/15)

Altars:


Innate Abilities, Weirdness & Mutations

You cannot be hasted, slowed, berserked, paralysed or teleported.
You can dig through walls and to a lower floor.
You have a pair of large antennae on your head. (SInv)
Your four strong arms can wield two-handed weapons with a shield.
Your mind is acute. (Int +4, Str/Dex -1)
Your magical capacity is very low. (-20% MP)


Message History

The water moccasin barely misses you.
It was a potion of mutation.
You feel extremely strange.
You feel less energetic. x2; You feel clever.
You feel very sick. The water moccasin bites you.
* * * LOW HITPOINT WARNING * * *
The water moccasin bites you.
* * * LOW HITPOINT WARNING * * *
As you read the scroll of butterflies, it crumbles to dust.
You hear the flapping of tiny wings.
The water moccasin is knocked back by the sudden gust.
* * * LOW HITPOINT WARNING * * *
You feel sick.
You swap places.
* * * LOW HITPOINT WARNING * * *
You feel sick.
The water moccasin bites your butterfly.
Your butterfly dies!
Your butterfly disappears in a burst of colours!
The water moccasin closely misses your butterfly.
You swap places.
* * * LOW HITPOINT WARNING * * *
You feel sick.
The water moccasin bites your butterfly.
Your butterfly dies!
Your butterfly disappears in a burst of colours!
As you read the scroll labelled KYSHRA TORIO, it dissolves into smoke.
It was a scroll of fog.
* * * LOW HITPOINT WARNING * * *
You feel sick.
The water moccasin bites your butterfly!
Your butterfly dies!
Your butterfly disappears in a burst of colours!
As you read the scroll labelled BIUTUH VUYKIRGH, it crumbles to dust.
Magic quickly surges around you.
It was a scroll of vulnerability.
* * * LOW HITPOINT WARNING * * *
You feel sick.
The water moccasin misses your butterfly.
You swap places.
You die...

.....###.....#
....#.........
,.b.#..b......## #
,{bS.{bb..b....###.##.#
...###+#bb{.b........##.##)#
....b.bbbb§§b.b.......#.##.#
........bbbb§.bb............
......b#.bbbb..b.....##.##.#
#########bb@b........♣#.##.#
#.......bbb.b.b.........##.#
#......b...b.....♣)<.......#
#...........bb.........##...
#....................♣......
#.........b.....#......##...
#...............##.######...
#...............##.# ####
#...............##.#


There were no monsters in sight!

Vanquished Creatures
  Grinder (D:3)
  2 orc wizards (D:2)
  Terence (D:2)
  2 adders (D:2)
  A worm (D:2)
  A dart slug (D:2)
  2 orcs
  11 ball pythons
  6 bats
  4 endoplasms (D:1)
  3 giant cockroaches
  6 goblins
  5 hobgoblins
  3 quokkas
  A frilled lizard (D:2)
  A kobold (D:2)
  6 rats
56 creatures vanquished.

Notes
Turn   | Place    | Note
-------+----------+-------------------------------------------
     0 | D:1      | CraigForest the Formicid Hunter began the quest for the
                  | Orb.
     0 | D:1      | Reached XP level 1. HP: 16/16 MP: 1/1
   159 | D:1      | Reached XP level 2. HP: 22/22 MP: 2/2
   410 | D:1      | Found a faded altar of an unknown god.
   421 | D:1      | Reached XP level 3. HP: 28/28 MP: 3/3
   800 | D:2      | Reached skill level 5 in Ranged Weapons
   844 | D:2      | Identified the +2 whip "Axku Diff" {spect, rF+ rN+ MP-9
                  | Stlth+}
   899 | D:2      | Reached XP level 4. HP: 34/34 MP: 4/4
  1023 | D:2      | Reached skill level 1 in Armour
  1206 | D:3      | Noticed Grinder
  1215 | D:2      | Reached XP level 5. HP: 36/39 MP: 5/5
  1236 | D:3      | Noticed Terence
  1247 | D:2      | Killed Terence
  1279 | D:3      | Killed Grinder
  1280 | D:3      | Reached skill level 6 in Ranged Weapons
  1280 | D:3      | Reached XP level 6. HP: 12/47 MP: 6/6
  1280 | D:3      | Reached XP level 7. HP: 13/52 MP: 7/7
  1465 | D:3      | Noticed a water moccasin
  1478 | D:3      | Gained mutation: Your magical capacity is low. (-10% MP)
                  | [potion of mutation]
  1478 | D:3      | Gained mutation: Your magical capacity is very low. (-20%
                  | MP) [potion of mutation]
  1478 | D:3      | Gained mutation: Your mind is acute. (Int +4, Str/Dex -1)
                  | [potion of mutation]
  1481 | D:3      | HP: 2/52 [poisoned by a water moccasin]
  1484 | D:3      | Succumbed to a water moccasin's poison

Illustrated notes

Levels and vault maps discovered:
D:1:      lightli_arrival_quake, layout_loops_cross, basic_ecumenical_altar
D:2:      minmay_inner_zag, layout_rooms
D:3:      layout_basic, chequers_temple_overflow_statue_of_worship,
          chequers_decorated_corner, grunt_ministairs_1, uniq_jessica,
          uniq_terence, uniq_ijyb, uniq_grinder

Skill      XL: |  1  2  3  4  5 |
---------------+----------------+-----
Ranged Weapons | 5 6 |  6.2
Armour         | 1 |  1.5
Shields        | 2 3 |  3.9
Fighting       | 3 |  3.3
Dodging        | 2 |  2.1
Stealth        | |  1.2

Action                     |  1- 3 |  4- 6 |  7- 9 || total
---------------------------+-------+-------+-------++-------
  Melee: Shortbow          |       |     1 |       ||     1
   Fire: Shortbow          |   135 |    72 |    11 ||   218
Ability: Dig               |     1 |       |       ||     1
    Use: Scroll            |     1 |       |     3 ||     4
         Potion            |       |       |     3 ||     3
 Armour: Ring mail         |    34 |     8 |     3 ||    45
         Leather armour    |     1 |       |       ||     1
  Dodge: Dodged            |    44 |    26 |     5 ||    75
  Block: Kite shield       |    32 |    44 |     4 ||    80

Table legend: (Time is in decaauts)
 A = Elapsed time spent in this place.
 B = Non-inter-level travel time spent in this place.
 C = Inter-level travel time spent in this place.
 D = Time resting spent in this place.
 E = Time spent auto-exploring this place.
 F = Levels seen in this place.
 G = Mean time per level.
                   A        B        C        D        E       F      G
               +--------+--------+--------+--------+--------+-----+--------+
         Total |   1574 |   1295 |    279 |    131 |    656 |   3 |  524.7 |
       Dungeon |   1574 |   1295 |    279 |    131 |    656 |   3 |  524.7 |
               +--------+--------+--------+--------+--------+-----+--------+

Top non-repeatable levels by time:
     D:1: 746 daAuts
     D:2: 591 daAuts
     D:3: 236 daAuts
